 Dungeon Crawl Stone Soup version 0.30-a0-339-g89bb51ec76 (webtiles) character file.

Game seed: 759103752246842668

265 bande the Covered (level 6, -2/39 HPs)
             Began as a Gargoyle Fighter on Nov 1, 2022.
             Slain by Grinder (3 damage)
             ... on level 4 of the Dungeon.
             The game lasted 00:05:24 (2975 turns).

bande the Covered (Gargoyle Fighter)                Turns: 2975, Time: 00:05:24

Health: -2/39      AC: 12    Str: 19    XL:     6   Next: 20%
Magic:  6/6        EV:  9    Int:  9    God:
Gold:   160        SH:  4    Dex: 11    Spells: 5/5 levels left

rFire   . . .      SeeInvis .    a - +0 war axe (drain)
rCold   . . .      Faith    .    c - +0 buckler
rNeg    + . .      Spirit   .    b - +0 scale mail
rPois   ∞          Reflect  .    o - +0 helmet
rElec   +          Harm     .    (no cloak)
rCorr   .          Rampage  .    (no gloves)
Will    .....                    (no boots)
Stlth   ..........               (no amulet)
HPRegen 0.26/turn                (no ring)
MPRegen 0.10/turn                (no ring)

@: no status effects
A: sickness immunity, AC +4, negative energy resistance 1, electricity
resistance, torment resistance 1, petrification resistance
a: no special abilities


You were on level 4 of the Dungeon.
You visited 1 branch of the dungeon, and saw 4 of its levels.

You collected 160 gold pieces.

Inventory:

Hand Weapons
 a - a +0 war axe of draining (weapon)
 s - a +2 vorpal mace
Armour
 b - a +0 scale mail (worn)
 c - a +0 buckler (worn)
 o - a +0 helmet (worn)
Scrolls
 g - a scroll of identify
 i - 2 scrolls of fog
Potions
 d - 3 potions of might
 e - a potion of ambrosia
 h - a potion of curing
 j - a potion of brilliance
 k - a potion of invisibility
 m - a potion of mutation
 n - a potion of resistance
 q - 2 potions of flight


   Skills:
 + Level 4.3 Fighting
 + Level 4.1 Axes
 + Level 4.5 Armour
 + Level 3.9 Shields


You had 5 spell levels left.
You didn't know any spells.
Your spell library contained the following spells:

 Spells                   Type           Power      Damage    Failure   Level
 Freeze                   Ice            0%         1d3       83%         1
 Slow                     Hex            0%         N/A       83%         1
 Confusing Touch          Hex            0%         N/A       99%         3
 Frozen Ramparts          Ice            0%         1d1       99%         3
 Hailstorm                Conj/Ice       0%         3d3       99%         3
 Kindle Blastsparks       Fire/Tloc/Air  0%         2d10      99%         3
 Vampiric Draining        Necr           0%         2d6       99%         3
 Fulminant Prism          Conj/Hex       0%         3d5       100%        4
 Iskenderun's Mystic Bla  Conj/Tloc      0%         2d3       100%        4
 Lee's Rapid Deconstruct  Erth           0%         3d4*      100%        5


Dungeon Overview and Level Annotations

Branches:
Dungeon (4/15)
 Temple: D:4-7

Altars:
Ashenzari
Cheibriados

Annotations:
D:4 Grinder


Innate Abilities, Weirdness & Mutations

You are immune to sickness and miasma.
Your stone body is resilient. (AC +4)
You are immune to poison.
You resist negative energy. (rN+)
You are resistant to electric shocks. (rElec)
You are resistant to unholy torment.
You are immune to petrification.


Message History

Grinder is moderately wounded.
You block Grinder's attack.
You hit Grinder.
Grinder is heavily wounded.
You block Grinder's attack.
Unknown command.
You hit Grinder.
Grinder is heavily wounded.
Grinder hits you.
You writhe in agony.
Grinder hits you.
You writhe in agony.
Unknown command.
You hit Grinder.
Grinder is severely wounded.
Grinder gestures at you. Pain shoots through your body!
* * * LOW HITPOINT WARNING * * *
Unknown command.
You barely miss Grinder.
Grinder is severely wounded.
Grinder blinks!
Grinder drinks a potion.
Grinder is healed!
Unknown command.
Grinder closely misses you.
You hit Grinder.
Grinder is moderately wounded.
Grinder hits you but does no damage. Grinder hits you.
* * * LOW HITPOINT WARNING * * *
You writhe in agony.
* * * LOW HITPOINT WARNING * * *
You hit Grinder but do no damage.
Grinder is moderately wounded.
Grinder closely misses you.
You slash Grinder!
Grinder is severely wounded.
Grinder barely misses you.
You barely miss Grinder.
Grinder is severely wounded.
Grinder hits you!
* * * LOW HITPOINT WARNING * * *
You writhe in agony.
You die...

............##
##............#
##.............##
.................
#................
......#.# #..........#...
......#.#.##..........#...
...............5@.........
.............##...........
.....##.......##..........
......##......###)))......
.............##....)......
................#......(..
...............##..#......
........†......##.##......
..###...........#.# ......


You could see Grinder.

Vanquished Creatures
  Menkaure (D:4)
  An iron imp (D:3)
  Natasha (twice) (D:4)
  An adder (D:4)
  2 dart slugs
  5 orcs
  6 ball pythons
  3 bats
  4 endoplasms
  3 giant cockroaches
  5 goblins
  3 hobgoblins
  2 jackals (D:1)
  5 quokkas
  3 frilled lizards
  10 kobolds
  4 rats
60 creatures vanquished.

Vanquished Creatures (others)
  6 plants (D:3)
6 creatures vanquished.

Grand Total: 66 creatures vanquished

Notes
Turn   | Place    | Note
-------+----------+-------------------------------------------
     0 | D:1      | bande the Gargoyle Fighter began the quest for the Orb.
     0 | D:1      | Reached XP level 1. HP: 14/14 MP: 1/1
   285 | D:1      | Reached XP level 2. HP: 18/19 MP: 2/2
   857 | D:1      | Reached XP level 3. HP: 24/24 MP: 3/3
   857 | D:1      | Found a faded altar of an unknown god.
  1180 | D:2      | Found a broken altar of Ashenzari.
  2445 | D:3      | Found a snail-covered altar of Cheibriados.
  2461 | D:3      | Reached XP level 4. HP: 13/29 MP: 4/4
  2767 | D:4      | Noticed Menkaure
  2778 | D:4      | HP: 1/29 [Menkaure (1)]
  2780 | D:4      | Killed Menkaure
  2781 | D:4      | Reached XP level 5. HP: 26/33 MP: 5/5
  2910 | D:4      | Noticed Natasha
  2917 | D:4      | Killed Natasha
  2918 | D:4      | Reached XP level 6. HP: 34/38 MP: 6/6
  2948 | D:4      | Noticed Grinder
  2951 | D:4      | Noticed Natasha
  2956 | D:4      | Paralysed by Grinder for 2 turns
  2960 | D:4      | Killed Natasha
  2975 | D:4      | HP: 1/39 [Grinder (8)]
  2975 | D:4      | Slain by Grinder

Illustrated notes

Levels and vault maps discovered:
D:1:      noname_arrival_rooms_in_the_neighbourhood, layout_loops_ring,
          shapermc_ecumenical_altar_mp_vishouse
D:2:      layout_rooms, basic_altar, minmay_cupped
D:3:      layout_loops_cross, slow_altar_1, serial_bayou, serial_bayou_shore_b,
          serial_bayou_lagoon_a, serial_bayou_pond_c, serial_bayou_pond_e,
          nicolae_titane
D:4:      layout_cave_pools, uniq_menkaure, uniq_natasha, uniq_grinder

Skill      XL: |  1  2  3  4  5  6 |
---------------+-------------------+-----
Axes           | 2 3 4 |  4.1
Armour         | 4 |  4.5
Fighting       | 4 |  4.3
Shields        | |  3.9

Action                   |  1- 3 |  4- 6 || total
-------------------------+-------+-------++-------
Melee: War axe           |   132 |    41 ||   173
  Use: Scroll            |    14 |     3 ||    17
       Potion            |       |     1 ||     1
Armor: Scale mail        |    73 |    25 ||    98
Dodge: Dodged            |    58 |    20 ||    78
Block: Buckler           |    27 |    12 ||    39

Table legend: (Time is in decaauts)
 A = Elapsed time spent in this place.
 B = Non-inter-level travel time spent in this place.
 C = Inter-level travel time spent in this place.
 D = Time resting spent in this place.
 E = Time spent auto-exploring this place.
 F = Levels seen in this place.
 G = Mean time per level.
                   A        B        C        D        E       F      G
               +--------+--------+--------+--------+--------+-----+--------+
         Total |   3054 |   2986 |     68 |    803 |   1641 |   4 |  763.5 |
       Dungeon |   3054 |   2986 |     68 |    803 |   1641 |   4 |  763.5 |
               +--------+--------+--------+--------+--------+-----+--------+

Top non-repeatable levels by time:
     D:1: 1184 daAuts
     D:3: 985 daAuts
     D:2: 635 daAuts
     D:4: 248 daAuts
